 Dungeon Crawl Stone Soup version 0.27.0-1-g7a089689b8 (webtiles) character file.

Game seed: 4630442815199686211

4249 backslashecho the Cleaver (level 10, 0/64 HPs)
             Began as a Gargoyle Berserker on Aug 3, 2021.
             Was an Elder of Trog.
             Slain by a tengu warrior (5 damage)
             ... on level 10 of the Dungeon.
             The game lasted 00:22:53 (10245 turns).

backslashecho the Cleaver (Gargoyle Berserker)     Turns: 10245, Time: 00:22:54

Health: 0/64       AC: 26    Str: 24    XL:     10   Next: 31%
Magic:  10/10      EV:  7    Int:  8    God:    Trog [****..]
Gold:   928        SH: 10    Dex:  9    Spells: 9/9 levels left

rFire    + . .     SeeInvis .   a - +0 war axe
rCold    + + .     Faith    .   l - +0 buckler
rNeg     + . .     Spirit   .   N - +0 plate armour
rPois    ∞         Reflect  +   L - +2 hat
rElec    +         Harm     .   T - scarf {rC+ rF+}
rCorr    .         Rampage  .   P - +1 pair of gloves
Will     +....                  O - +0 pair of boots
Stlth    ..........             X - amulet of reflection
HPRegen  0.20/turn              d - ring of willpower
MPRegen  0.12/turn              M - ring of protection from cold

@: on berserk cooldown, slowed, very slow
A: sickness immunity, AC +7, negative energy resistance 1, electricity
resistance, torment resistance 1, petrification resistance
a: Renounce Religion, Berserk, Trog's Hand, Brothers in Arms


You were on level 10 of the Dungeon.
You worshipped Trog.
Trog was greatly pleased with you.
You visited 2 branches of the dungeon, and saw 11 of its levels.
You also visited: Ossuary.

You collected 928 gold pieces.

Inventory:

Hand Weapons
 a - a +0 war axe (weapon)
 o - a +3 morningstar
Missiles
 k - 3 javelins (quivered)
 r - 72 poisoned darts
 K - 5 atropa-tipped darts
Armour
 l - a +0 buckler (worn)
 I - a +0 kite shield
 L - a +2 hat (worn)
 N - a +0 plate armour (worn)
 O - a +0 pair of boots (worn)
 P - a +1 pair of gloves (worn)
 T - a scarf of resistance (worn)
Jewellery
 d - a ring of willpower (left hand)
 n - a ring of flight
 M - a ring of protection from cold (right hand)
 X - an amulet of reflection (around neck)
Wands
 u - a wand of flame (28)
 y - a wand of digging (16)
 E - a wand of paralysis (5)
 S - a wand of iceblast (20)
 V - a wand of acid (8)
Scrolls
 b - 3 scrolls of silence {unknown}
 e - 4 scrolls of amnesia {unknown}
 f - 2 scrolls of enchant armour {unknown}
 g - 10 scrolls of identify {unknown}
 j - 2 scrolls of brand weapon {unknown}
 m - 4 scrolls of enchant weapon {unknown}
 p - 5 scrolls of teleportation {unknown}
 v - 2 scrolls of immolation {unknown}
 w - a scroll of fear {unknown}
 x - 3 scrolls of fog {unknown}
 C - 2 scrolls of blinking {unknown}
 D - a scroll of torment {unknown}
 G - 2 scrolls of noise {unknown}
 J - a scroll of holy word {unknown}
 Q - a scroll of vulnerability {unknown}
 U - a scroll of acquirement {unknown}
Potions
 c - 3 potions of invisibility
 h - 8 potions of lignification {unknown}
 i - 2 potions of brilliance {unknown}
 q - 5 potions of flight {unknown}
 s - 3 potions of cancellation {unknown}
 t - 2 potions of curing
 z - 2 potions of magic {unknown}
 A - a potion of attraction {unknown}
 B - a potion of berserk rage {unknown}
 F - 2 potions of heal wounds {unknown}
 H - a potion of degeneration {unknown}
 R - a potion of might {unknown}
 W - a potion of mutation {unknown}
 Y - a potion of haste {unknown}


   Skills:
 + Level 8.0 Fighting
 * Level 9.2 Axes
 + Level 7.7 Armour
 - Level 1.5 Dodging
 + Level 5.5 Shields
 - Level 1.0 Unarmed Combat
 - Level 2.0 Evocations


You had 9 spell levels left.
You didn't know any spells.
Your spell library was empty.

Dungeon Overview and Level Annotations

Branches:
Dungeon (10/15)            Temple (1/1) D:5         Ossuary (visited)
   Lair: D:8-11         Orc: D:9-12

Altars:
Ashenzari
Dithmenos
Elyvilon
Hepliaklqana
Kikubaaqudgha
Nemelex Xobeh
Ru
Trog
Yredelemnul
The Shining One

Shops:
D:6 =


Innate Abilities, Weirdness & Mutations

You are immune to sickness and miasma.
Your stone body is resilient. (AC +7)
You are immune to poison.
You resist negative energy. (rN+)
You are resistant to electric shocks. (rElec)
You are resistant to unholy torment.
You are immune to petrification.


Message History

The tengu warrior claws you but does no damage.
You block the tengu conjurer's attack. The tengu conjurer pecks you.
You block the tengu conjurer's attack. The tengu warrior barely misses you.
The tengu warrior closely misses you.
The tengu warrior claws you but does no damage.
The tengu conjurer hits you. The tengu conjurer barely misses you.
The tengu conjurer claws you but does no damage.
You take 8 damage, and have 26/64 hp.
Unknown command.
You hit the tengu conjurer.
The tengu conjurer is almost dead.
The tengu warrior blocks your attack.
The tengu warrior hits you with a +0 war axe!
* * * LOW HITPOINT WARNING * * *
The tengu warrior barely misses you.
The tengu warrior claws you but does no damage.
The tengu conjurer barely misses you.
The tengu conjurer pecks you but does no damage.
The tengu conjurer claws you.
* * * LOW HITPOINT WARNING * * *
You take 10 damage, and have 16/64 hp.
Unknown command.
Aiming: Corrosive Bolt
Press: ? - help, Shift-Dir - straight line The bolt of acid hits the tengu conjurer!!
The tengu conjurer is splashed with acid!
The acid corrodes the tengu conjurer!
You kill the tengu conjurer!
Trog accepts your kill.
Trog appreciates your killing of a magic user.
The battlesphere dissipates.
The tengu warrior hits you with a +0 war axe.
* * * LOW HITPOINT WARNING * * *
The tengu warrior closely misses you. The tengu warrior claws you.
* * * LOW HITPOINT WARNING * * *
The tengu warrior hits you with a +0 war axe.
* * * LOW HITPOINT WARNING * * *
The tengu warrior pecks you but does no damage.
The tengu warrior claws you.
You die...

...##########.(######. #....#
........................####'#
..............................
............))................
########...)..##########......
#..☼.).# #...... #..)...#
#.##### #....Q†# #.#....
#..((.@# #.#.... #......+
#.#....
#......##########.#....
#######.................#####
.............................
########.....................
#....................)
#.....................
#.....................


You could see a tengu warrior.

Vanquished Creatures
  A two-headed ogre (D:9)
  Maurice (D:8)
  A tengu conjurer (D:10)
  A spriggan (D:8)
  A wraith (Ossuary)
  A wyvern (D:9)
  A water moccasin (D:5)
  4 orc warriors
  A black bear (D:4)
  A sky beast (D:6)
  2 centaurs
  A necrophage (D:8)
  2 phantoms
  4 bullfrogs
  2 scorpions
  2 gnoll sergeants
  A wyvern zombie (D:8)
  4 wights (D:7)
  A howler monkey (D:7)
  2 electric eels (D:5)
  4 centaur zombies
  2 centaur skeletons
  2 orc priests
  7 hounds
  2 iguanas
  9 orc wizards
  A hound skeleton (D:5)
  A mummy (Ossuary)
  A howler monkey zombie (D:8)
  9 gnolls
  3 adders
  A shadow imp (D:7)
  An ufetubus (D:5)
  2 worms
  3 dart slugs
  30 orcs
  4 ball pythons
  4 bats
  A bat zombie (D:3)
  8 endoplasms
  4 giant cockroaches
  4 goblins
  7 hobgoblins
  8 jackals
  4 kobolds (D:1)
  5 quokkas
  2 frilled lizards (D:3)
  6 gnoll skeletons (Ossuary)
  5 kobold skeletons (Ossuary)
  14 orc skeletons (Ossuary)
  2 rats (D:1)
  2 rat zombies
192 creatures vanquished.

Vanquished Creatures (others)
  A centaur zombie (D:8)
  2 demonic plants (D:2)
3 creatures vanquished.

Grand Total: 195 creatures vanquished

Notes
Turn   | Place    | Note
-------+----------+-------------------------------------------
     0 | D:1      | backslashecho the Gargoyle Berserker began the quest for
                  | the Orb.
     0 | D:1      | Reached XP level 1. HP: 14/14 MP: 1/1
   238 | D:1      | Reached XP level 2. HP: 15/19 MP: 2/2
   302 | D:1      | Reached skill level 3 in Axes
   569 | D:1      | Reached XP level 3. HP: 15/23 MP: 3/3
   629 | D:1      | Reached skill level 1 in Unarmed Combat
  1236 | D:2      | Reached ** piety under Trog
  1690 | D:2      | Reached XP level 4. HP: 29/29 MP: 4/4
  1900 | D:2      | Found a faded altar of an unknown god.
  1900 | D:2      | Noticed an ice devil
  2465 | D:3      | Reached skill level 4 in Axes
  2465 | D:3      | Reached XP level 5. HP: 15/33 MP: 5/5
  2639 | D:3      | Found a bloodstained altar of Trog.
  2738 | D:3      | Found a broken altar of Ashenzari.
  2832 | D:3      | Found an ancient bone altar of Kikubaaqudgha.
  3383 | D:4      | Found a sand-covered staircase.
  3390 | Ossuary  | Entered an ossuary
  3390 | Ossuary  | Noticed a wraith
  3390 | Ossuary  | Noticed a wraith
  3390 | Ossuary  | Noticed a wraith
  3706 | Ossuary  | Reached *** piety under Trog
  3773 | Ossuary  | Noticed a wraith
  3991 | Ossuary  | Killed a wraith
  3992 | Ossuary  | Reached XP level 6. HP: 29/39 MP: 6/6
  4270 | D:4      | Reached skill level 5 in Axes
  4603 | D:4      | Noticed a black bear
  4621 | D:4      | Killed a black bear
  4622 | D:4      | Reached skill level 5 in Fighting
  4622 | D:4      | Reached XP level 7. HP: 44/44 MP: 7/7
  5040 | D:5      | Entered Level 5 of the Dungeon
  5221 | D:5      | Found a staircase to the Ecumenical Temple.
  5238 | Temple   | Entered the Ecumenical Temple
  5287 | D:5      | Found a transporter.
  5297 | D:5      | Found a white marble altar of Elyvilon.
  5366 | D:5      | Found a basalt altar of Yredelemnul.
  5477 | D:5      | Found a transporter.
  5691 | D:5      | Found a shadowy altar of Dithmenos.
  5715 | D:5      | Reached skill level 1 in Evocations
  5984 | D:5      | Reached skill level 5 in Armour
  6048 | D:5      | Reached skill level 6 in Axes
  6048 | D:5      | Reached XP level 8. HP: 50/50 MP: 8/8
  6472 | D:6      | You fall into a shaft and drop 3 floors!
  6472 | D:9      | Noticed a wyvern
  6483 | D:9      | Killed a wyvern
  6484 | D:9      | Reached skill level 1 in Shields
  6778 | D:6      | Reached skill level 7 in Axes
  6825 | D:6      | Found a sacrificial altar of Ru.
  6877 | D:6      | Found Juvujim's Jewellery Shoppe.
  6958 | D:6      | Reached XP level 9. HP: 56/56 MP: 7/9
  7704 | D:7      | Reached **** piety under Trog
  7826 | D:7      | Found a sparkling altar of Nemelex Xobeh.
  8144 | D:8      | Noticed Maurice
  8178 | D:8      | Reached skill level 8 in Axes
  8530 | D:8      | Found a hazy altar of Hepliaklqana.
  8543 | D:8      | Killed Maurice
  8559 | D:8      | Found a faded altar of an unknown god.
  9290 | D:9      | Noticed a two-headed ogre
  9299 | D:9      | Killed a two-headed ogre
  9300 | D:9      | Reached skill level 9 in Axes
  9300 | D:9      | Reached skill level 5 in Shields
  9300 | D:9      | Reached XP level 10. HP: 64/64 MP: 10/10
  9812 | D:10     | Entered Level 10 of the Dungeon
  9812 | D:10     | Noticed a tengu warrior
  9903 | D:10     | Found a glowing golden altar of the Shining One.
 10245 | D:10     | Slain by a tengu warrior

Illustrated notes

Levels and vault maps discovered:
D:1:      minmay_arrival_five_plusses, layout_rooms, minmay_door_square
D:2:      layout_basic, dreamdust_ecumenical_altar_sealed_demon,
          minmay_misc_feat_pillars, nrook_mini_backslash, minmay_misc_feat_room
D:3:      layout_basic, lemuel_zombie_altar_kikubaaqudgha,
          mainiacjoe_overflow_cross_hatched, overflow_temple_1_default
D:4:      layout_basic, enter_ossuary_3
D:5:      gammafunk_steamed_eel, layout_loops_ring,
          nicolae_elyvilon_peaceful_grove, mainiacjoe_overflow_small_starburst,
          overflow_temple_1_default, minmay_temple_entry_large_hall,
          cheibrodos_gnoll_hut
D:6:      layout_loops_corners, nicolae_ru_great_annihilating_truth,
          serial_shops, shop
D:7:      layout_rooms, mainiacjoe_overflow_concentric_impassable
D:8:      minmay_goldmine, layout_rooms, beargit_hepliaklqana_dungeon_heroes,
          uniq_maurice
D:9:      layout_cave_pools
D:10:     layout_irregular_city, tso_metal_star
Temple:   minmay_temple_forest_path

Skill      XL: |  1  2  3  4  5  6  7  8  9 10 |
---------------+-------------------------------+-----
Axes           | 3 4 5 6 7 9 |  9.2
Unarmed Combat | 1 |  1.0
Armour         | 3 4 5 6 7 |  7.7
Fighting       | 4 5 6 7 8 |  8.0
Evocations     | 1 2 |  2.0
Shields        | 2 5 |  5.5
Dodging        | |  1.5

Action                   |  1- 3 |  4- 6 |  7- 9 | 10-12 || total
-------------------------+-------+-------+-------+-------++-------
Melee: Hand axe          |   108 |   211 |   258 |       ||   577
       Punch             |       |     3 |     2 |       ||     5
       War axe           |       |       |   203 |    91 ||   294
Throw: Dart              |       |       |     1 |       ||     1
       Javelin           |       |       |     7 |     4 ||    11
Invok: Berserk           |       |     2 |     7 |     1 ||    10
       Trog's Hand       |       |     1 |     2 |       ||     3
Evoke: Wand              |       |       |     5 |     7 ||    12
 Stab: Distracted        |     1 |       |       |     1 ||     2
       Sleeping          |     1 |       |       |       ||     1
       Paralysed         |       |       |    15 |       ||    15
Armor: Animal skin       |    46 |    70 |       |       ||   116
       Ring mail         |       |     6 |    54 |       ||    60
       Plate armour      |       |       |   268 |   100 ||   368
Dodge: Dodged            |    82 |   131 |   137 |    40 ||   390
Block: Kite shield       |       |       |    66 |       ||    66
       Buckler           |       |       |    44 |    67 ||   111
